 Dungeon Crawl Stone Soup version 0.30-a0-860-g512cf1e979 (webtiles) character file.

Game seed: 7573681039691605681

29040 Pooter the Severer (level 13, -1/117 HPs)
             Began as a Minotaur Berserker on Mar 7, 2023.
             Was a Priest of Trog.
             Slain by a skeletal warrior
             ... wielding a +0 halberd
              (21 damage)
             ... on level 12 of the Dungeon.
             The game lasted 01:31:54 (18691 turns).

Pooter the Severer (Minotaur Berserker)            Turns: 18691, Time: 01:31:54

Health: -1/117     AC: 15    Str: 35    XL:     13   Next: 13%
Magic:  5/12       EV: 10    Int:  2    God:    Trog [***...]
Gold:   831        SH:  5    Dex: 12    Spells: 12/12 levels left

rFire   + . .      SeeInvis .    a - +3 battleaxe
rCold   . . .      Faith    .    (shield currently unavailable)
rNeg    . . .      Spirit   .    K - +1 chain mail "Fuixtior" {+Blink rF+ Int-2}
rPois   .          Reflect  +    z - +2 hat
rElec   .          Rampage  .    T - +1 cloak
rCorr   +                        S - +0 pair of gloves of Syndicalism {Str+4}
Will    ++...                    (no boots) Stlth
                                 R - amulet of reflection
HPRegen 1.39/turn                C - ring of resist corrosion
MPRegen 0.13/turn                I - +6 ring of strength

@: strong-willed, on berserk cooldown, regenerating, slowed, very slow
A: horns 2, retaliatory headbutt
a: Renounce Religion, Evoke Blink, Berserk, Trog's Hand


You were on level 12 of the Dungeon.
You worshipped Trog.
Trog was most pleased with you.
You visited 2 branches of the dungeon, and saw 15 of its levels.

You collected 1581 gold pieces.
You spent 750 gold pieces at shops.

Inventory:

Hand Weapons
 a - a +3 battleaxe (weapon)
   (You took it off an orc warrior on level 1 of the Orcish Mines)
 b - a +0 arbalest
   (You took it off an orc warrior on level 12 of the Dungeon)
 m - a +2 short sword of venom
   (You took it off a kobold on level 2 of the Dungeon)
 s - a +2 whip of draining
   (You found it on level 6 of the Dungeon)
 G - a +0 trident
   (You took it off an orc priest on level 4 of the Dungeon)
 M - a -1 demon whip of venom
   (You took it off Amaemon on level 9 of the Dungeon)
 O - a +2 war axe of electrocution
   (You took it off an orc priest on level 6 of the Dungeon)
 U - the +8 sling of the Walnut {antimagic, Dex+2 Stlth+}
   (You found it on level 4 of the Dungeon)

   Dex:       It affects your dexterity (+2).
   Stlth:     It makes you more stealthy.
 W - the +8 falchion of Qopha {venom, rElec rN+++ Str-2 Dex+4}
   (You found it on level 12 of the Dungeon)

   Str:       It affects your strength (-2).
   Dex:       It affects your dexterity (+4).
   rElec:     It insulates you from electricity.
   rN:        It renders you almost immune to negative energy.
Missiles
 n - 22 poisoned darts
 o - 12 boomerangs (quivered)
 r - a throwing net {!f}
 H - 7 javelins
 J - a curare-tipped dart
 P - 2 boomerangs of dispersal {!f}
 Q - 95 stones
Armour
 z - a +2 hat (worn)
   (You found it on level 7 of the Dungeon)
 F - a +0 buckler
   (You found it on level 6 of the Dungeon)
 K - the +1 chain mail "Fuixtior" (worn) {+Blink rF+ Int-2}
   (You found it on level 7 of the Dungeon)

   Int:       It affects your intelligence (-2).
   rF:        It protects you from fire.
   +Blink:    It lets you blink.
 S - the +0 pair of gloves of Syndicalism (worn) {Str+4}
   (You bought it in a shop on level 1 of the Orcish Mines)

   Str:       It affects your strength (+4).
 T - a +1 cloak (worn)
   (You found it on level 9 of the Dungeon)
Jewellery
 w - a ring of ice
   (You found it on level 4 of the Dungeon)
 C - a ring of resist corrosion (left hand)
   (You found it on level 3 of the Dungeon)
 I - a +6 ring of strength (right hand)
   (You found it on level 7 of the Dungeon)
 R - an amulet of reflection (around neck)
   (You bought it in a shop on level 1 of the Orcish Mines)
Wands
 f - a wand of flame (3)
   (You found it on level 9 of the Dungeon)
 h - a wand of light (10)
   (You found it on level 5 of the Dungeon)
 l - a wand of roots (7)
   (You found it on level 8 of the Dungeon)
 x - a wand of charming (18)
   (You found it on level 4 of the Dungeon)
 A - a wand of polymorph (12)
   (You found it on level 5 of the Dungeon)
Scrolls
 e - 2 scrolls of magic mapping
 i - a scroll of blinking
 k - 5 scrolls of immolation {!r}
 t - 10 scrolls of teleportation {@r4}
 u - 3 scrolls of fog
 L - a scroll of poison {!r}
 N - 2 scrolls of fear
 V - 2 scrolls of enchant armour
Potions
 c - 2 potions of resistance
 d - 8 potions of curing {@q1}
 g - 2 potions of might {unknown}
 j - 2 potions of cancellation {unknown}
 p - 3 potions of attraction {unknown}
 q - a potion of ambrosia {unknown}
 v - 2 potions of flight {unknown}
 y - 3 potions of degeneration {unknown}
 B - 3 potions of lignification {!q}
 D - 2 potions of invisibility {unknown}
 E - 4 potions of mutation {!q}


   Skills:
 - Level 11.7 Fighting
 * Level 16.1 Axes
 * Level 14.2 Ranged Weapons
 + Level 2.8 Armour
 + Level 2.5 Dodging
 + Level 0.8 Stealth
 - Level 7.5 Evocations


You had 12 spell levels left.
You didn't know any spells.
Your spell library was empty.

Dungeon Overview and Level Annotations

Branches:
Dungeon (13/15)            Temple (0/1) D:5            Lair (0/5) D:8
    Orc (2/2) D:9             Elf (0/3) Orc:2
 Vaults: D:13-14

Altars:
Ashenzari
Cheibriados
Dithmenos
Elyvilon
Gozag
Qazlal
Ru

Shops:
Orc:1 :[=   Orc:2 ?[::

Annotations:
D:5 1 runed translucent door, Crazy Yiuf
D:8 2 transporters, SprigganGuy's ghost, novice SpHu


Innate Abilities, Weirdness & Mutations

You have a pair of horns on your head.
You reflexively headbutt those who attack you in melee.


Message History

a - a +3 battleaxe (weapon)
A red film seems to cover your vision as you go berserk!
You feel yourself moving faster!
You feel mighty!
The skeletal warrior hits you but does no damage.
A skeletal warrior comes into view. It is wielding a +0 war axe.
You feel a strong urge to attack something.
The skeletal warrior barely misses you.
You hit the skeletal warrior but do no damage.
You completely miss the skeletal warrior.
You closely miss the skeletal warrior. You headbutt the skeletal warrior!
You slash the skeletal warrior!
The skeletal warrior barely misses you. x2
You furiously retaliate!
You headbutt the skeletal warrior! You slash the skeletal warrior!
You slice the skeletal warrior!!
You block the skeletal warrior's attack.
The skeletal warrior hits you with a +0 war axe!
You barely miss the skeletal warrior. You hit the skeletal warrior.
You completely miss the skeletal warrior.
You closely miss the skeletal warrior. The skeletal warrior barely misses you.
You furiously retaliate!
You headbutt the skeletal warrior!
The skeletal warrior hits you with a +0 war axe!!
You hit the skeletal warrior. You headbutt the skeletal warrior!!
You slash the skeletal warrior! You closely miss the skeletal warrior.
You slice the skeletal warrior!!
You destroy the skeletal warrior!
Trog accepts your kill.
You closely miss the skeletal warrior. You headbutt the skeletal warrior.
The skeletal warrior hits you from afar with a +0 halberd.
You barely miss the skeletal warrior.
You headbutt the skeletal warrior, but do no damage.
You slice the skeletal warrior!! You headbutt the skeletal warrior.
You are no longer berserk.
You are exhausted.
You feel yourself slow down.
You block the skeletal warrior's attack.
Your skin crawls.
You feel strong-willed.
The skeletal warrior closely misses you.
The skeletal warrior hits you from afar with a +0 halberd!
You slash the skeletal warrior!
The skeletal warrior hits you with a +0 war axe!!
* * * LOW HITPOINT WARNING * * *
You block the skeletal warrior's attack.
The skeletal warrior hits you but does no damage.
The skeletal warrior hits you from afar with a +0 halberd!!
* * * LOW HITPOINT WARNING * * *
You hit the skeletal warrior but do no damage.
The skeletal warrior hits you with a +0 war axe!
* * * LOW HITPOINT WARNING * * *
The skeletal warrior hits you from afar with a +0 halberd!!
You die...

## .######## .##...).##
.....†)..## #######
......)...## ###.......
....###....####.........
....# ##.......^z.......
...## ##......)@.z.....
..## ##....#########.
### #....# # #....#
##...## ######...# #..#
##..## ##..# ###.##
#...# ##.##


You could see 2 skeletal warriors.

Vanquished Creatures
  The ghost of patfeehan111222 the Basher, a journeyman MiBe of Trog (Orc:1)
  Erolcha (D:9)
  4 ogre magi (Orc:2)
  14 two-headed ogres
  An orc high priest (Orc:2)
  Amaemon (D:9)
  A skeletal warrior (D:12)
  An orc knight (Orc:2)
  The ghost of Maxmaps the Skirmisher, a novice GnHu of Cheibriados (D:6)
  An ugly thing (D:12)
  A manticore (D:12)
  An orange demon (D:9)
  Psyche (D:12)
  2 komodo dragons (D:8)
  A kobold demonologist (D:9)
  5 trolls
  Grinder (D:5)
  A hornet (D:8)
  Prince Ribbit (D:6)
  A vampire (D:12)
  A shadow (D:12)
  14 yaks
  3 wyverns (D:8)
  2 steam dragons
  4 wargs
  A naga (D:9)
  3 acid dragons
  14 orc warriors
  8 black bears
  2 ice beasts
  27 ogres
  3 centaurs
  2 kobold brigands
  4 scorpions
  A gnoll sergeant (D:8)
  4 bullfrogs
  4 howler monkeys
  3 electric eels (D:9)
  2 jellies
  2 hounds (D:5)
  17 orc priests
  3 iguanas
  20 orc wizards
  A sleepcap (D:4)
  12 adders
  5 gnolls
  2 river rats (D:6)
  A shadow imp (D:8)
  A white imp (D:5)
  4 worms
  A dart slug (D:2)
  76 orcs
  7 ball pythons
  12 endoplasms
  A giant cockroach (D:2)
  9 goblins
  2 hobgoblins
  6 quokkas
  9 bats
  2 frilled lizards (D:1)
  18 kobolds
  8 rats
362 creatures vanquished.

Vanquished Creatures (collateral kills)
  2 ogres (Orc:2)
  An orc priest (Orc:2)
3 creatures vanquished.

Grand Total: 365 creatures vanquished

Notes
Turn   | Place    | Note
-------+----------+-------------------------------------------
     0 | D:1      | Pooter the Minotaur Berserker began the quest for the Orb.
     0 | D:1      | Reached XP level 1. HP: 19/19 MP: 0/0
    42 | D:1      | Reached skill level 4 in Axes
    74 | D:1      | Reached XP level 2. HP: 16/27 MP: 1/1
   266 | D:1      | Reached XP level 3. HP: 33/33 MP: 2/2
   742 | D:2      | Reached ** piety under Trog
   753 | D:2      | Reached skill level 5 in Axes
   992 | D:2      | Reached XP level 4. HP: 22/41 MP: 3/3
  1142 | D:2      | Reached skill level 1 in Ranged Weapons
  1494 | D:2      | Found a faded altar of an unknown god.
  2025 | D:3      | Noticed a scorpion
  2033 | D:3      | Killed a scorpion
  2034 | D:3      | Reached XP level 5. HP: 47/47 MP: 4/4
  2454 | D:3      | Reached *** piety under Trog
  2544 | D:4      | Identified the +8 sling of the Walnut {antimagic, Dex+2
                  | Stlth+}
  2553 | D:4      | Noticed a black bear
  2565 | D:4      | Killed a black bear
  2566 | D:4      | Reached skill level 5 in Fighting
  2566 | D:4      | Reached skill level 6 in Axes
  2566 | D:4      | Reached XP level 6. HP: 36/56 MP: 1/5
  3003 | D:4      | Noticed a steam dragon
  3020 | D:4      | Killed a steam dragon
  3021 | D:4      | Reached skill level 7 in Axes
  3021 | D:4      | Reached XP level 7. HP: 42/61 MP: 1/6
  3563 | D:5      | Entered Level 5 of the Dungeon
  3567 | D:5      | Noticed Grinder
  3577 | D:5      | Killed Grinder
  3578 | D:5      | Reached skill level 5 in Ranged Weapons
  3786 | D:5      | Found a shadowy altar of Dithmenos.
  3938 | D:5      | Reached skill level 8 in Axes
  4508 | D:5      | Found a runed translucent door.
  4509 | D:5      | Noticed Crazy Yiuf
  4590 | D:5      | Reached XP level 8. HP: 70/70 MP: 2/7
  4959 | D:5      | Reached skill level 1 in Evocations
  5035 | D:5      | Found a staircase to the Ecumenical Temple.
  5214 | D:6      | Found an opulent altar of Gozag.
  5232 | D:6      | Reached skill level 9 in Axes
  5239 | D:6      | Found a sacrificial altar of Ru.
  5323 | D:6      | Noticed Prince Ribbit
  5330 | D:6      | Killed Prince Ribbit
  5498 | D:6      | Found a runed translucent door.
  5499 | D:6      | Noticed Maxmaps's ghost (novice GnHu)
  5590 | D:6      | Found a stormy altar of Qazlal.
  5853 | D:6      | Reached XP level 9. HP: 66/79 MP: 2/8
  6084 | D:6      | Found a runed translucent door.
  6181 | D:6      | Killed Maxmaps's ghost
  6182 | D:6      | Reached skill level 10 in Axes
  6634 | D:7      | Found a white marble altar of Elyvilon.
  6682 | D:7      | Identified the +1 chain mail "Fuixtior" {+Blink rF+ Int-2}
  7506 | D:8      | Paralysed by a hornet for 3 turns
  7514 | D:8      | HP: 4/81 [poisoned by a hornet]
  7728 | D:9      | Reached skill level 11 in Axes
  7737 | D:9      | Noticed a troll
  8349 | D:8      | Found a transporter.
  8358 | D:8      | Noticed SprigganGuy's ghost (novice SpHu)
  8358 | D:8      | Noticed a moth of wrath
  8371 | D:8      | Found a transporter.
  8521 | D:8      | Reached XP level 10. HP: 74/89 MP: 2/9
  9349 | D:8      | Found a staircase to the Lair.
  9443 | D:8      | Reached skill level 10 in Ranged Weapons
  9611 | D:9      | Found a snail-covered altar of Cheibriados.
  9619 | D:9      | Reached skill level 12 in Axes
  9623 | D:9      | Noticed Joseph
  9624 | D:9      | Joseph changed into Joseph the naga
  9624 | D:9      | Noticed Joseph
  9629 | D:9      | Killed Joseph the naga
  9717 | D:9      | Noticed Maurice
  9718 | D:9      | Maurice changed into Maurice the acid dragon
  9718 | D:9      | Noticed Maurice
  9725 | D:9      | Killed Maurice the acid dragon
 10061 | D:9      | Noticed Amaemon
 10065 | D:9      | Noticed an orange demon
 10075 | D:9      | Killed Amaemon
 10076 | D:9      | Reached skill level 5 in Evocations
 10079 | D:9      | Killed an orange demon
 10331 | D:9      | Noticed Erolcha
 10337 | D:9      | Killed Erolcha
 10338 | D:9      | Reached XP level 11. HP: 97/97 MP: 10/10
 11404 | D:9      | Found a staircase to the Orcish Mines.
 11528 | D:9      | Reached skill level 13 in Axes
 11624 | Orc:1    | Entered Level 1 of the Orcish Mines
 11635 | Orc:2    | Entered Level 2 of the Orcish Mines
 11828 | Orc:1    | Reached **** piety under Trog
 12081 | Orc:2    | Noticed an orc high priest
 12592 | Orc:2    | Noticed a sixfirhy
 12915 | Orc:2    | Killed an orc high priest
 12916 | Orc:2    | Reached skill level 10 in Fighting
 13112 | Orc:2    | Noticed an orc knight
 13128 | Orc:2    | Killed an orc knight
 13410 | Orc:1    | Found Amecoan's Jewellery Shop.
 13419 | Orc:1    | Bought an amulet of reflection for 360 gold pieces
 13429 | Orc:1    | Found a large runed translucent door.
 13468 | Orc:1    | Found Kirphor's Book Shoppe.
 13727 | Orc:1    | Found Zaol Age's Armour Boutique.
 13758 | Orc:1    | Noticed patfeehan111222's ghost (journeyman MiBe)
 13759 | Orc:1    | Found a large runed translucent door.
 13865 | Orc:1    | Killed patfeehan111222's ghost
 13866 | Orc:1    | Reached skill level 14 in Axes
 13983 | Orc:1    | Upgraded the game from 0.30-a0-859-gf88a04b62d to
                  | 0.30-a0-860-g512cf1e979
 14019 | Orc:2    | Noticed a two-headed ogre
 14019 | Orc:2    | Noticed a two-headed ogre
 14019 | Orc:2    | Noticed a two-headed ogre
 14029 | Orc:1    | Killed a two-headed ogre
 14031 | Orc:1    | Killed a two-headed ogre
 14354 | Orc:2    | Noticed an ogre mage
 14362 | Orc:2    | Killed an ogre mage
 14363 | Orc:2    | Reached XP level 12. HP: 102/108 MP: 3/11
 14381 | Orc:2    | Noticed a two-headed ogre
 14390 | Orc:2    | Noticed a two-headed ogre
 14397 | Orc:1    | Killed a two-headed ogre
 14450 | Orc:1    | Killed a two-headed ogre
 14573 | Orc:2    | Noticed a two-headed ogre
 14582 | Orc:2    | Killed a two-headed ogre
 14703 | Orc:2    | Noticed a two-headed ogre
 14712 | Orc:2    | Killed a two-headed ogre
 14726 | Orc:2    | Noticed an ogre mage
 14743 | Orc:2    | Killed an ogre mage
 14833 | Orc:2    | Noticed a two-headed ogre
 14843 | Orc:2    | Killed a two-headed ogre
 14844 | Orc:2    | Reached skill level 15 in Axes
 14902 | Orc:2    | Noticed a two-headed ogre
 14910 | Orc:2    | Killed a two-headed ogre
 14944 | Orc:2    | Noticed an ogre mage
 14953 | Orc:2    | Paralysed by an ogre mage for 5 turns
 14962 | Orc:2    | Killed an ogre mage
 14968 | Orc:2    | Noticed a two-headed ogre
 15038 | Orc:1    | Killed a two-headed ogre
 15239 | Orc:2    | Noticed an ogre mage
 15242 | Orc:2    | Paralysed by something for 2 turns
 15743 | Orc:2    | Noticed a two-headed ogre
 15750 | Orc:2    | Killed a two-headed ogre
 15750 | Orc:2    | Noticed a two-headed ogre
 15828 | Orc:2    | Killed a two-headed ogre
 15847 | Orc:2    | Noticed a two-headed ogre
 16025 | Orc:1    | Killed a two-headed ogre
 16449 | Orc:2    | Paralysed by an ogre mage for 4 turns
 16454 | Orc:2    | Killed an ogre mage
 16754 | Orc:1    | Bought the +0 pair of gloves of Syndicalism {Str+4} for 278
                  | gold pieces
 16784 | Orc:2    | Found Vyeha's Magic Scroll Boutique.
 16784 | Orc:2    | Found Bifitt's Book Emporium.
 16785 | Orc:2    | Found Gaunosec's Antique Armour Emporium.
 16785 | Orc:2    | Found Aciluc's Book Shop.
 16792 | Orc:2    | Bought a scroll of poison for 56 gold pieces
 16792 | Orc:2    | Bought a scroll of identify for 28 gold pieces
 16792 | Orc:2    | Bought a scroll of identify for 28 gold pieces
 16996 | Orc:2    | Found a staircase to the Elven Halls.
 17293 | D:10     | Entered Level 10 of the Dungeon
 17302 | D:10     | Noticed a two-headed ogre
 17310 | D:10     | Killed a two-headed ogre
 17847 | D:10     | Reached XP level 13. HP: 105/117 MP: 4/12
 18198 | D:11     | Reached skill level 16 in Axes
 18296 | D:11     | You fall into a shaft and drop 2 floors!
 18296 | D:13     | Found a broken altar of Ashenzari.
 18320 | D:12     | Noticed Psyche
 18327 | D:12     | Killed Psyche
 18647 | D:12     | Identified the +8 falchion of Qopha {venom, rElec rN+++
                  | Str-2 Dex+4}
 18691 | D:12     | Slain by a skeletal warrior

Illustrated notes

Levels and vault maps discovered:
D:1:      minmay_arrival_open_corners, layout_basic
D:2:      layout_basic, shapermc_ecumenical_altar_mp_highgroup
D:3:      layout_loops_ring
D:4:      layout_basic
D:5:      layout_basic, nicolae_dithmenos_the_darkroom,
          minmay_temple_entry_fiery, kennysheep_cross_bottleneck, uniq_grinder,
          uniq_crazy_yiuf_cottage
D:6:      layout_basic, mainiacjoe_overflow_surrounded_room,
          nicolae_overflow_squiral, ebering_ghost_sewer_f, st_stairs_4,
          uniq_prince_ribbit1
D:7:      layout_cave_pods, amcnicky_altar_gilded
D:8:      layout_rooms, erik_lair_dragon, gammafunk_ghost_berserking_beasts,
          grunt_ministairs_6
D:9:      layout_loops_ring, cheibriados_altar_1, erik_orc_2, uniq_erolcha,
          uniq_amaemon, uniq_maurice, uniq_joseph
D:10:     layout_rooms, minmay_misc_feat_nine_boxes
D:11:     layout_basic, chequers_serial_rivers_micro_e
D:12:     layout_layer_cave, serial_shops, nicolae_stop_n_shop_1, uniq_psyche
D:13:     layout_basic, gammafunk_ghost_ooze, evilmike_ruin_ashenzari
Orc:1:    layout_caves, ebering_ghost_disaster_area, serial_shops,
          nicolae_shop_statue_plus, shop, nicolae_lakefront_shop
Orc:2:    st_orc_ogre_mass, layout_caves

Skill      XL: |  1  2  3  4  5  6  7  8  9 10 11 12 13 |
---------------+----------------------------------------+-----
Axes           | 4 5 6 7 8 9 11 12 14 15 16 | 16.1
Fighting       | 4 5 6 7 8 9 10 11 | 11.7
Ranged Weapons | 2 3 4 5 7 9 10 12 14 | 14.2
Evocations     | 2 3 5 6 7 |  7.5
Armour         | |  2.8
Dodging        | |  2.5
Stealth        | |  0.8

Action                     |  1- 3 |  4- 6 |  7- 9 | 10-12 | 13-15 || total
---------------------------+-------+-------+-------+-------+-------++-------
  Melee: Hand axe          |    58 |    28 |       |       |       ||    86
         Headbutt          |    12 |     7 |    27 |    57 |     8 ||   111
         Short sword       |    11 |    10 |       |       |       ||    21
         Trident           |       |     2 |    72 |       |       ||    74
         Punch             |       |       |     1 |       |       ||     1
         War axe           |       |       |    64 |    92 |       ||   156
         Battleaxe         |       |       |       |   163 |    39 ||   202
   Fire: Sling             |     5 |    94 |   152 |   280 |    22 ||   553
         Arbalest          |       |       |       |       |     8 ||     8
  Throw: Boomerang         |       |       |       |     1 |       ||     1
 Invoke: Berserk           |     1 |     3 |    11 |    30 |     2 ||    47
         Trog's Hand       |       |     2 |     4 |    23 |     3 ||    32
  Evoke: Wand              |       |       |     2 |    14 |       ||    16
    Use: Scroll            |     2 |     3 |    12 |     7 |     1 ||    25
         Potion            |       |       |     1 |     1 |       ||     2
   Stab: Invisible         |       |       |       |     3 |       ||     3
         Betrayed ally     |       |       |       |     1 |       ||     1
 Armour: Animal skin       |     8 |    20 |     5 |       |       ||    33
         Scale mail        |       |       |    32 |       |       ||    32
         Chain mail        |       |       |    44 |   123 |    16 ||   183
  Dodge: Dodged            |    40 |    34 |    97 |   118 |    20 ||   309
  Block: Buckler           |       |       |    21 |    23 |       ||    44
         Other             |       |       |       |    16 |     9 ||    25

Table legend: (Time is in decaauts)
 A = Elapsed time spent in this place.
 B = Non-inter-level travel time spent in this place.
 C = Inter-level travel time spent in this place.
 D = Time resting spent in this place.
 E = Time spent auto-exploring this place.
 F = Levels seen in this place.
 G = Mean time per level.
                   A        B        C        D        E       F      G
               +--------+--------+--------+--------+--------+-----+--------+
         Total |  19177 |  18668 |    509 |   8223 |   7299 |  15 | 1278.5 |
       Dungeon |  13307 |  12991 |    316 |   4363 |   6566 |  13 | 1023.6 |
  Orcish Mines |   5870 |   5677 |    193 |   3859 |    733 |   2 | 2935.0 |
               +--------+--------+--------+--------+--------+-----+--------+

Top non-repeatable levels by time:
   Orc:1: 3843 daAuts
     D:9: 2571 daAuts
   Orc:2: 2026 daAuts
     D:5: 1681 daAuts
     D:8: 1613 daAuts
     D:7: 1246 daAuts
     D:6: 1172 daAuts
     D:4: 1044 daAuts
     D:2: 920 daAuts
     D:3: 902 daAuts
    D:10: 881 daAuts
     D:1: 748 daAuts
    D:12: 382 daAuts
    D:11: 124 daAuts
    D:13: 16 daAuts
